AoeStats
← rodrigoalex3500

Pilgrims

509495856Analyzed
4v4 RM · 6d ago on Sep 27, 2026· 53m 44s· 8 players
Game mode
Random Map
Map size
Large (8 player)
Population
200
Speed
Normal
Resources
Standard
Victory
Conquest
Starting age
Dark Age
Ending age
Imperial Age
RankedLock teamsTeams togetherTeam positionsShared explorationLock speedFull tech treeHidden civsTurbo modeCheats
Victory
Defeat
🇨🇴 Mongols · Colombia
929
+13
🇵🇪 Danes · Peru
883
+15
🇨🇳 Magyars · China
854
+16
🇦🇺 Spanish · Australia
797
+19
🇨🇱 Vietnamese · Chile
930
-19
🇦🇷 Sicilians · Argentina
901
-17
🇵🇱 Teutons · Poland
819
-14
🇨🇿 Bohemians · Czechia
804
-30
小迟爱吃
14:34 Feudal Age
20:17 Castle Age
28:29 Double-Bit Axe
30:19 Bow Saw
31:31 Scale Barding Armor
32:48 Wheelbarrow
33:27 Corvinian Army
35:01 Hand Cart
38:03 Imperial Age
35:23 Horse Collar
36:40 Chain Barding Armor
37:25 Town Watch
38:43 Town Patrol
41:00 Chemistry
42:27 Plate Barding Armor
42:34 Elite Magyar Huszar
44:30 Conscription
45:35 Two-Man Saw
44:37 Heavy Plow
44:31 Gold Mining
47:15 Fletching
49:04 Bodkin Arrow
Lancelot_
5:51 Loom
14:34 Feudal Age
18:20 Gold Mining
18:14 Horse Collar
18:19 Double-Bit Axe
20:37 Castle Age
19:37 Bloodlines
20:15 Stone Mining
22:55 Heavy Plow
28:45 Wheelbarrow
28:24 Bow Saw
30:26 Hand Cart
36:28 Imperial Age
34:00 Padded Archer Armor
33:58 Fletching
35:03 Leather Archer Armor
35:39 Bodkin Arrow
36:10 Husbandry
35:31 Light Cavalry
36:23 Forging
36:38 Scale Barding Armor
37:36 Conscription
38:38 Chemistry
37:59 Ballistics
38:24 Iron Casting
38:56 Chain Barding Armor
39:50 Elite Mangudai
40:51 Drill
40:33 Nomads
40:32 Murder Holes
40:09 Hussar
41:40 Gold Shaft Mining
41:41 Stone Shaft Mining
42:34 Blast Furnace
42:19 Scale Mail Armor
43:18 Bracer
44:55 Chain Mail Armor
48:58 Plate Mail Armor
48:35 Sappers
51:55 Siege Engineers
Yggdrasil
12:48 Feudal Age
13:48 Double-Bit Axe
13:50 Town Watch
14:28 Fishing Lines
18:36 Castle Age
16:41 Stone Mining
18:51 Gold Mining
20:20 Town Patrol
20:47 Gillnets
21:11 Medium Warships
21:03 Gambesons
21:16 Loom
22:32 Squires
22:46 Forging
22:36 Scale Mail Armor
23:16 Wheelbarrow
24:55 Gold Shaft Mining
26:02 Iron Casting
25:42 Chain Mail Armor
27:48 Stone Shaft Mining
34:37 Chain Mail Armor
34:40 Hand Cart
35:53 Fletching
38:31 Ballistics
40:49 Thumb Ring
41:20 Bodkin Arrow
47:55 Masonry
54:53 Imperial Age
Bulldog
5:24 Loom
12:17 Feudal Age
13:57 Double-Bit Axe
17:50 Castle Age
17:34 Fletching
18:50 Bodkin Arrow
18:44 Fishing Lines
20:28 Gillnets
21:06 Fervor
22:48 Wheelbarrow
29:09 Imperial Age
28:54 Ballistics
28:52 Bow Saw
30:56 Chemistry
29:59 Gold Mining
30:28 Bracer
33:22 Elite Cannon Galleon
35:15 Two-Man Saw
40:08 Hand Cart
43:00 Shipwright
42:55 Clinker Construction
42:59 Careening
52:30 Elite Conquistador
DULL
11:44 Feudal Age
13:23 Double-Bit Axe
13:21 Fishing Lines
16:05 Horse Collar
26:40 Castle Age
27:41 Gillnets
28:07 Bow Saw
30:16 Redemption
31:22 Chemistry
35:09 Imperial Age
40:04 Two-Man Saw
39:09 Heavy Plow
47:48 Elite Hussite Wagon
vloker1
10:18 Loom
13:21 Feudal Age
13:59 Double-Bit Axe
17:43 Fishing Lines
24:12 Castle Age
22:42 Forging
22:34 Scale Mail Armor
22:31 Horse Collar
24:55 Wheelbarrow
25:34 Bow Saw
25:27 Heavy Plow
29:47 Iron Casting
29:27 Chain Mail Armor
34:38 First Crusade
40:50 Imperial Age
44:25 Elite Serjeant
47:44 Gillnets
ZigzagSinger667
15:59 Feudal Age
21:46 Castle Age
21:58 Castle Age
27:10 Loom
28:09 Wheelbarrow
30:50 Pikeman
46:49 Fishing Lines
rodrigoalex3500
2:26 Loom
9:03 Feudal Age
10:21 Wheelbarrow
9:32 Town Watch
9:36 Double-Bit Axe
10:06 Horse Collar
12:39 Gold Mining
20:34 Castle Age
20:13 Stone Mining
21:23 Heavy Plow
21:44 Hand Cart
21:30 Town Patrol
22:18 Stone Shaft Mining
22:02 Bow Saw
22:47 Town Patrol
28:50 Fletching
29:01 Padded Archer Armor
29:55 Scale Mail Armor
30:06 Forging
29:51 Bodkin Arrow
30:02 Scale Barding Armor
29:30 Elite Skirmisher
30:16 Thumb Ring
31:33 Chain Mail Armor
32:49 Ballistics
34:32 Leather Archer Armor
40:25 Imperial Age
38:50 Bloodlines
38:40 Husbandry
40:06 Iron Casting
42:30 Chemistry
43:11 Two-Man Saw
44:48 Ring Archer Armor
44:18 Bracer
44:49 Plate Mail Armor
44:41 Chain Barding Armor
Connection lost

Rejoining the realm…

Still unreachable

The connection could not be restored.

Session expired

The server has moved on; the page needs a fresh start.